 Dungeon Crawl Stone Soup version 0.24.0-123-gd5b16e6ec5 (webtiles) character file.

Game seed: 3881217485097888635, levelgen mode: deterministic

739 Notrik the Skirmisher (level 7, -2/66 HPs)
             Began as a Hill Orc Fighter on Feb 7, 2020.
             Was a Believer of Makhleb.
             Killed by divine providence
             ... invoked by an orc priest
              (16 damage)
             ... on level 5 of the Dungeon.
             The game lasted 00:07:43 (3136 turns).

Notrik the Skirmisher (Hill Orc Fighter)            Turns: 3136, Time: 00:07:44

Health: -2/66      AC: 14    Str: 21    XL:     7   Next: 75%
Magic:  7/7        EV:  4    Int:  8    God:    Makhleb [**....]
Gold:   187        SH:  0    Dex: 10    Spells: 6/6 levels left

rFire    . . .     SeeInvis .   a - +0 war axe
rCold    . . .     Gourm    .   c - +0 shield
rNeg     . . .     Faith    .   r - +0 plate armour
rPois    .         Spirit   .   t - +0 helmet (curse)
rElec    .         Reflect  .   (no cloak)
rCorr    .         Harm     .   (no gloves)
MR       .....                  b - +0 pair of boots
Stlth    ..........             (no amulet)
HPRegen  0.21/turn              (no ring)
MPRegen  0.10/turn              (no ring)

@: confused
A: no striking features
a: Minor Destruction, Renounce Religion, Convert to Beogh


You were on level 5 of the Dungeon.
You worshipped Makhleb.
Makhleb was pleased with you.
You were not hungry.

You visited 1 branch of the dungeon, and saw 5 of its levels.

You collected 187 gold pieces.

Inventory:

Hand Weapons
 a - a +0 war axe (weapon)
Missiles
 v - 2 throwing nets (quivered) {!f}
Armour
 b - a +0 pair of boots (worn)
   (You found it on level 3 of the Dungeon)
 c - a +0 shield (worn)
 g - the cursed +0 chain mail of Greed {rN+ Int+3, unknown}
   (You found it on level 4 of the Dungeon)

   It affects your intelligence (+3).
   It protects you from negative energy.
   It has a curse placed upon it.
 r - a +0 plate armour (worn)
   (You found it on level 2 of the Dungeon)
 t - a cursed +0 helmet (worn)
   (You found it on level 3 of the Dungeon)
Jewellery
 m - an uncursed ring of resist corrosion {unknown}
   (You found it on level 2 of the Dungeon)
 y - a cursed ring of teleportation {unknown}
   (You found it on level 4 of the Dungeon)
Wands
 i - a wand of scattershot (7)
   (You found it on level 2 of the Dungeon)
Scrolls
 f - 5 scrolls of identify {unknown}
 k - a scroll of teleportation {unknown}
 l - a scroll of fog {unknown}
 n - 3 scrolls of remove curse {unknown}
 w - a scroll of enchant armour {unknown}
Potions
 d - 2 potions of might
 h - a potion of haste {unknown}
 j - a potion of agility {unknown}
 o - 5 potions of brilliance {unknown}
 p - a potion of cancellation {unknown}
 q - a potion of curing {unknown}
 s - a potion of heal wounds {unknown}
 u - 2 potions of invisibility {unknown}
Comestibles
 e - 5 rations {!d}
 x - 2 chunks of flesh


   Skills:
 * Level 7.2 Fighting
 + Level 5.5 Axes
 + Level 5.2 Armour
 + Level 5.2 Shields


You had 6 spell levels left.
You didn't know any spells.
Your spell library contained the following spells:

 Spells                   Type           Power        Failure   Level  Hunger
 Beastly Appendage        Tmut           #.....       100%        1    ##.....
 Magic Dart               Conj           #...         100%        1    ##.....
 Searing Ray              Conj           #.....       100%        2    ###....
 Sticks to Snakes         Tmut           #.......     100%        2    ###....
 Dazzling Spray           Conj/Hex       #.....       100%        3    ####...
 Spider Form              Tmut/Pois      #.........   100%        3    ####...
 Force Lance              Conj/Tloc      #.......     100%        4    #####..
 Fulminant Prism          Conj/Hex       #.........   100%        4    #####..
 Ice Form                 Ice/Tmut       #.......     100%        4    #####..
 Iskenderun's Mystic Bla  Conj           #.......     100%        4    #####..
 Blade Hands              Tmut           #.........   100%        5    ######.


Dungeon Overview and Level Annotations

Branches:
Dungeon (5/15)
 Temple: D:4-7

Altars:
Makhleb
Yredelemnul

Shops:
D:4 (


Message History

The orc priest shouts, "Surrender to Beogh and we'll let you live!"
You are too confused!
You are too confused!
You are too confused!
You are too confused!
You are too confused!
You are too confused!
You are too confused!
You are too confused!
You are too confused!
You are too confused!
You are too confused!
You are too confused!
You are too confused!
The orc priest calls down the wrath of Beogh upon you.
Beogh smites you! Something hits you but does no damage.
The orc hits you but does no damage. The orc priest hits you.
Something hits you but does no damage. The orc hits you.
The orc priest shouts, "Surrender to Beogh and we'll let you live!"
You slash the orc!
You kill the orc!
Makhleb accepts your kill.
The orc priest threatens, "By the altar or by the axe, you will meet Beogh!"
You hit something.
The orc priest shouts, "Beogh is our master!
Accept the truth or die!"
You slash the orc priest!
The orc priest calls down the wrath of Beogh upon you.
You struggle to resist.
You hear some strange, mumbled words.
A puff of flame appears from out of thin air!
The puff of flame hits you.
* * * LOW HITPOINT WARNING * * *
The orc priest barely misses you. The orc hits you but does no damage.
You closely miss the orc. You closely miss something.
You barely miss the orc priest.
The orc priest shouts, "Join the one true god or die!"
Something hits you.
* * * LOW HITPOINT WARNING * * *
The orc priest mumbles some strange prayers to Beogh against you.
Beogh smites you!
* * * LOW HITPOINT WARNING * * *
The orc hits you but does no damage. Something hits you but does no damage.
You bump into the rock wall.
The orc priest invokes the aid of Beogh against you.
Beogh smites you!
You die...

########.### .......#.#
.).......# .........# .........#
.........# ########
#########....#
####......#####{....$. ####.###
. .........'...@o...... +.......
..##.......#####o...... #.......
...........# ....... #.......
###........##############>......
...................[............
##.....######################.#
+.........# #.# #.........# #.#
#.........#


You could see an orc priest and an orc.

Vanquished Creatures
  A phantom (D:4)
  An ogre (D:4)
  A scorpion (D:4)
  2 hounds
  An orc wizard (D:4)
  A jelly (D:5)
  2 orc priests
  A bullfrog skeleton (D:4)
  Ijyb (D:5)
  An iguana (D:4)
  2 worker ants (D:5)
  A hound skeleton (D:4)
  A howler monkey skeleton (D:5)
  9 adders
  An ooze (D:3)
  An adder skeleton (D:4)
  5 worms
  3 dart slugs
  2 leopard geckos
  7 orcs
  A ball python (D:2)
  5 bats
  5 giant cockroaches
  2 gnoll zombies (D:4)
  4 goblins
  5 hobgoblins (D:1)
  7 jackals
  4 quokkas
  4 frilled lizards
  11 kobolds
  9 rats
101 creatures vanquished.

Notes
Turn   | Place    | Note
-------+----------+-------------------------------------------
     0 | D:1      | Notrik the Hill Orc Fighter began the quest for the Orb.
     0 | D:1      | Reached XP level 1. HP: 19/19 MP: 1/1
   111 | D:1      | Reached XP level 2. HP: 14/27 MP: 2/2
   329 | D:1      | Reached skill level 4 in Fighting
   372 | D:1      | You fall into a shaft and drop 1 floor!
   418 | D:2      | Reached XP level 3. HP: 26/33 MP: 3/3
   579 | D:2      | Reached XP level 4. HP: 31/41 MP: 4/4
  1197 | D:2      | Found a burning altar of Makhleb.
  1208 | D:2      | Reached skill level 5 in Fighting
  1215 | D:2      | Became a worshipper of Makhleb the Destroyer
  1277 | D:2      | Reached XP level 5. HP: 48/48 MP: 5/5
  1875 | D:3      | Reached * piety under Makhleb
  2419 | D:4      | Reached XP level 6. HP: 50/57 MP: 6/6
  2435 | D:4      | Reached skill level 6 in Fighting
  2504 | D:4      | Noticed a phantom
  2540 | D:4      | Killed a phantom
  2540 | D:4      | Reached skill level 5 in Axes
  2540 | D:4      | Reached XP level 7. HP: 38/64 MP: 7/7
  2679 | D:4      | Found Recahupt's Weapon Shoppe.
  2683 | D:4      | Got a twisted chain mail
  2838 | D:4      | Reached skill level 5 in Armour
  2979 | D:4      | Found a basalt altar of Yredelemnul.
  3002 | D:5      | Entered Level 5 of the Dungeon
  3007 | D:5      | Reached skill level 5 in Shields
  3017 | D:5      | Reached ** piety under Makhleb
  3017 | D:5      | Reached skill level 7 in Fighting
  3086 | D:5      | Noticed Ijyb
  3101 | D:5      | Killed Ijyb
  3136 | D:5      | Killed from afar by an orc priest

Levels and vault maps discovered:
D:1:      minmay_arrival_jagged, layout_basic
D:2:      minmay_diamond_boxcup, layout_basic, makhleb_heckhound_becter
D:3:      layout_rooms
D:4:      layout_basic, lemuel_zombie_altar_yredelemnul, serial_shops,
          shop_statue, grunt_decor_cap
D:5:      layout_basic, first_ration, uniq_ijyb

Skill      XL: |  1  2  3  4  5  6  7 |
---------------+----------------------+-----
Axes           | 3 4 5 |  5.5
Fighting       | 4 5 6 7 |  7.2
Armour         | 4 5 |  5.2
Shields        | 4 5 |  5.2

Action                   |  1- 3 |  4- 6 |  7- 9 || total
-------------------------+-------+-------+-------++-------
Melee: War axe           |    74 |   224 |    87 ||   385
  Eat: Chunk             |       |     6 |     1 ||     7
       Ration            |       |       |     1 ||     1
Armor: Scale mail        |    59 |    56 |       ||   115
       Plate armour      |       |    66 |    99 ||   165
Dodge: Dodged            |    34 |    54 |    22 ||   110
Block: Shield            |    49 |   106 |    55 ||   210
